 Dungeon Crawl Stone Soup version 0.25-a0-549-g6e6e650 (webtiles) character file.

Game seed: 11760053757469588262, levelgen mode: deterministic

49 Crocosaw the Cudgeler (level 3, -1/36 HPs)
             Began as a Troll Berserker on Feb 24, 2020.
             Was a Believer of Trog.
             Slain by a worm (11 damage)
             ... on level 2 of the Dungeon.
             The game lasted 00:03:40 (690 turns).

Crocosaw the Cudgeler (Troll Berserker)              Turns: 690, Time: 00:03:41

Health: -1/36      AC:  6    Str: 26    XL:     3   Next: 51%
Magic:  2/2        EV: 10    Int:  3    God:    Trog [**....]
Gold:   21         SH:  0    Dex:  9    Spells: 2/2 levels left

rFire    . . .     SeeInvis .   a - +0 mace
rCold    . . .     Gourm    +   (no shield)
rNeg     . . .     Faith    .   b - +0 animal skin
rPois    .         Spirit   .   (helmet restricted)
rElec    .         Reflect  .   (no cloak)
rCorr    .         Harm     .   (gloves unavailable)
MR       .....                  (boots unavailable)
Stlth    +.........             (no amulet)
HPRegen  0.52/turn              (no ring)
MPRegen  0.08/turn              (no ring)

@: no status effects
A: large, unfitting armour, claws 3, fast metabolism 3, gourmand, regeneration
1, shaggy fur 1, tough skin 3
a: Berserk, Trog's Hand, Renounce Religion


You were on level 2 of the Dungeon.
You worshipped Trog.
Trog was pleased with you.
You were completely stuffed.

You visited 1 branch of the dungeon, and saw 2 of its levels.

You collected 21 gold pieces.

Inventory:

Hand Weapons
 a - a +0 mace (weapon)
Missiles
 k - 2 datura-tipped darts (quivered)
Armour
 b - a +0 animal skin (worn)
Scrolls
 d - a scroll of amnesia {unknown}
 e - a scroll of remove curse {unknown}
Potions
 h - a potion of haste
Comestibles
 c - 2 rations
 f - 6 chunks of flesh


   Skills:
 + Level 2.8 Fighting
 + Level 3.3 Maces & Flails
 + Level 3.0 Dodging


You had 2 spell levels left.
You didn't know any spells.
Your spell library was empty.

Dungeon Overview and Level Annotations

Branches:
Dungeon (2/15)

Altars:
Trog


Innate Abilities, Weirdness & Mutations

You are too large for most types of armour.
You have claws for hands.
Your metabolism is lightning-fast.
You like to eat raw meat.
Your natural rate of healing is unusually fast.
You are covered in fur. (AC +1)
You have extremely tough skin. (AC +3)


Message History

The worm is severely wounded.
You feel a little less mighty now.
You hit the worm.
The worm is severely wounded.
The worm bites you!
You hit the worm but do no damage.
The worm is severely wounded.
The worm bites you!
You barely miss the worm.
The worm is severely wounded.
You sock the worm!
You kill the worm!
Trog accepts your kill.
Your Dodging skill increases to level 3!
You barely miss the worm. The worm bites you!
* * * LOW HITPOINT WARNING * * *
You sock the worm!
The worm is heavily wounded.
The worm bites you!
You die...

#.........
####.........
#............
#.###########
#.# #.# #####
#.# #....##
#.###.......
#@##........
#w##....#w..
#.##...###.r
#......#y#._
####...###.r
#....#w..
#........
##......)
#....##


You could see a worm.

Vanquished Creatures
  An ooze (D:1)
  A worm (D:2)
  A leopard gecko (D:1)
  4 goblins (D:1)
  6 hobgoblins (D:1)
  6 jackals (D:1)
  5 kobolds (D:1)
  A ball python (D:1)
  5 bats (D:1)
  4 frilled lizards
  4 rats (D:1)
38 creatures vanquished.

Notes
Turn   | Place    | Note
-------+----------+-------------------------------------------
     0 | D:1      | Crocosaw the Troll Berserker began the quest for the Orb.
     0 | D:1      | Reached XP level 1. HP: 22/22 MP: 0/0
    86 | D:1      | Reached XP level 2. HP: 29/29 MP: 1/1
   351 | D:1      | Reached XP level 3. HP: 36/36 MP: 2/2
   429 | D:1      | Reached ** piety under Trog
   662 | D:2      | Noticed a moth of wrath
   665 | D:2      | Found a bloodstained altar of Trog.
   690 | D:2      | Slain by a worm

Levels and vault maps discovered:
D:1:      saegor_arrival_simple_a, layout_basic, minmay_tromino_v4_b
D:2:      layout_basic, nicolae_dithmenos_shadow_blocks, tgw_trog

Skill      XL: |  1  2  3 |
---------------+----------+-----
Maces & Flails | 3 |  3.3
Dodging        | 3 |  3.0
Fighting       | |  2.8

Action                   || total
-------------------------++-------
Melee: Mace              ||   106
Invok: Berserk           ||     1
  Use: Scroll            ||     3
       Potion            ||     3
 Stab: Sleeping          ||     2
  Eat: Chunk             ||    13
Armor: Animal skin       ||    54
Dodge: Dodged            ||    89

Table legend:
 A = Non-vault XP
 B = Vault XP
 C = Vault XP percentage of total XP
 D = Non-vault monster count
 E = Vault monster count
 F = Vault count percentage of total count
                 A         B        C        D         E       F
            +---------+---------+-------+---------+---------+-------
      Total |      63 |       7 |  10.0 |      35 |       3 |   7.9
            +---------+---------+-------+---------+---------+-------
        D:1 |      62 |       2 |   3.1 |      34 |       2 |   5.6
        D:2 |       1 |       5 |  83.3 |       1 |       1 |  50.0
            +---------+---------+-------+---------+---------+-------
